 Dungeon Crawl Stone Soup version 0.32-a0-818-gb728d0252e (webtiles) character file.

Game seed: 4655892743776426305

665 epen the Insei (level 7, -9/50 HPs)
             Began as an Octopode Monk on Mar 25, 2024.
             Mangled by an ice beast (14 damage)
             ... on level 5 of the Dungeon.
             The game lasted 00:06:20 (3754 turns).

epen the Insei (Octopode Monk)                      Turns: 3754, Time: 00:06:20

Health: -9/50      AC:  1    Str: 10    XL:     7   Next: 57%
Magic:  7/7        EV: 14    Int: 13    God:
Gold:   239        SH:  0    Dex: 16    Spells: 6/6 levels left

rFire   . .          .
                       - Unarmed
rCold   . . .        b - orb {light}
rNeg    . . .        (helmet restricted)
rPois   .            (no amulet)
rElec   .            (no ring)
rCorr   .            (no ring)
SInv    .            (no ring)
Will    .....        (no ring)
Stlth   +            (no ring)
HPRegen 0.28/turn    (no ring)
MPRegen 0.10/turn    (no ring)
                     (no ring)

%: no passive effects
@: on fire, glowing
A: almost no armour, amphibious, 8 rings, camouflage 1, gelatinous body 1,
(nimble swimmer 1), tentacles
a: no special abilities


You were on level 5 of the Dungeon.
You visited 1 branch of the dungeon, and saw 5 of its levels.

You collected 239 gold pieces.

Inventory:

Hand Weapons
 c - the +9 sling of the Establishment {freeze, Fly rC+}
   (You found it on level 4 of the Dungeon)

   rC+:       It protects you from cold.
   Fly:       It grants you flight.
Missiles
 i - 2 throwing nets (quivered)
Armour
 b - an orb of light (worn)
Jewellery
 o - an amulet of magic regeneration
Scrolls
 d - a scroll of vulnerability
 h - a scroll of revelation
 n - a scroll of poison
Potions
 a - a potion of ambrosia
 e - 3 potions of curing
 f - a potion of heal wounds {unknown}
 g - a potion of degeneration {unknown}
 k - a potion of invisibility {unknown}
 m - a potion of attraction {unknown}


   Skills:
 + Level 5.4 Fighting
 + Level 5.3 Dodging
 * Level 5.6 Unarmed Combat


You had 6 spell levels left.
You didn't know any spells.
Your spell library contained the following spells:

 Spells                   Type           Power      Damage    Failure   Level
 Magic Dart               Conj           0%         1d3       30%         1
 Necrotise                Necr           0%         1d4       30%         1
 Blink                    Tloc           0%         N/A       43%         2
 Call Imp                 Summ           0%         N/A       43%         2
 Summon Ice Beast         Ice/Summ       0%         N/A       67%         3
 Vampiric Draining        Necr           0%         2d6       67%         3
 Martyr's Knell           Necr/Summ      0%         N/A       97%         4
 Curse of Agony           Necr           0%         N/A       100%        5
 Summon Mana Viper        Hex/Summ       0%         N/A       100%        5
 Haunt                    Necr/Summ      0%         N/A       100%        7
 Monstrous Menagerie      Summ           0%         N/A       100%        7
 Borgnjor's Revivificati  Necr           0%         N/A       100%        8
 Death's Door             Necr           0%         N/A       100%        9


Dungeon Overview and Level Annotations

Branches:
Dungeon (5/15)
 Temple: D:4-7

Altars:
Gozag
Kikubaaqudgha
Okawaru

Shops:
D:4 [

Annotations:
D:3 1 runed translucent door, ViolentViolet's ghost, amateur CoGl


Innate Abilities, Weirdness & Mutations

You cannot wear most types of armour.
You are amphibious.
You can wear up to eight rings at the same time.
Your skin changes colour to match your surroundings (Stealth+).
Your rubbery body absorbs attacks. (AC +1, EV +1)
((You are camouflaged when in or above water. (Stealth+)))
You have tentacles for arms and can constrict up to eight enemies at once.


Message History

You constrict the bombardier beetle. The bombardier beetle misses you.
You tentacle-slap the bombardier beetle.
You kill the bombardier beetle!
i - 2 throwing nets (gained 1)
A bombardier beetle comes into view.
A bombardier beetle is nearby!
An ice beast comes into view.
Found a chain mail.
A scorpion comes into view.
Found 4 stones.
The bombardier beetle sprays incendiary fluid at you.
The burning spray hits you.
You are covered in liquid fire!
You shake off some of the fire as you move.
The liquid fire burns you!
You shake off some of the fire as you move.
The liquid fire burns you!
There is a stone staircase leading up here.
You are on fire!
The liquid fire burns you! The liquid fire burns you!
You tentacle-slap the ice beast.
The ice beast is moderately wounded.
The liquid fire burns you! The ice beast hits you. The ice beast freezes you!
You tentacle-slap the ice beast but do no damage.
You squeeze the ice beast.
The ice beast is moderately wounded.
The liquid fire burns you! The ice beast hits you.
* * * LOW HITPOINT WARNING * * *
The ice beast freezes you!
* * * LOW HITPOINT WARNING * * *
You feel better. The liquid fire burns you!
* * * LOW HITPOINT WARNING * * *
The ice beast hits you.
* * * LOW HITPOINT WARNING * * *
The ice beast freezes you!
You die...

..##..... ....
##.#......
###...###..........
......#............
...................
.................$.
....>....#)†.......
....B....#@#.......
....s....#Y#.......
....[#.Y..s)..#
(.............#
.....#.##.#...#
.....#. #........
.... .. ##.##....
.#. ... ..# ...##
###... ... ....


You could see an ice beast and a scorpion.

Vanquished Creatures
  Eustachio (D:4)
  Menkaure (D:4)
  A bombardier beetle (D:5)
  A sleepcap (D:4)
  Jessica (D:3)
  Natasha (thrice) (D:4)
  An orc wizard (D:3)
  5 gnolls
  6 adders
  2 ufetubi (D:3)
  2 dart slugs
  A ribbon worm (D:3)
  11 orcs
  6 ball pythons
  4 endoplasms
  2 giant cockroaches
  6 goblins
  6 hobgoblins
  5 jackals (D:1)
  6 quokkas
  11 bats
  2 frilled lizards
  4 kobolds
  7 rats
95 creatures vanquished.

Notes
Turn   | Place    | Note
-------+----------+-------------------------------------------
     0 | D:1      | epen the Octopode Monk began the quest for the Orb.
     0 | D:1      | Reached XP level 1. HP: 16/16 MP: 1/1
   131 | D:1      | Reached XP level 2. HP: 16/21 MP: 2/2
   415 | D:1      | Found a faded altar of an unknown god.
   420 | D:1      | Reached XP level 3. HP: 24/26 MP: 3/3
   811 | D:2      | Reached XP level 4. HP: 30/33 MP: 4/4
  1618 | D:3      | Noticed Jessica
  1623 | D:3      | Killed Jessica
  1624 | D:3      | Reached XP level 5. HP: 30/37 MP: 5/5
  2168 | D:3      | Found an iron altar of Okawaru.
  2171 | D:3      | Found an ancient bone altar of Kikubaaqudgha.
  2299 | D:3      | Found a runed translucent door.
  2300 | D:3      | Noticed ViolentViolet's ghost (amateur CoGl)
  2315 | D:3      | Reached XP level 6. HP: 38/44 MP: 6/6
  2646 | D:4      | Found Niec's Armour Emporium.
  2762 | D:4      | Noticed Natasha
  2768 | D:4      | Killed Natasha
  2865 | D:4      | Noticed Menkaure
  2993 | D:4      | Killed Menkaure
  2994 | D:4      | Reached skill level 5 in Fighting
  3044 | D:4      | Noticed Natasha
  3051 | D:4      | Killed Natasha
  3052 | D:4      | Reached skill level 5 in Dodging
  3052 | D:4      | Reached skill level 5 in Unarmed Combat
  3052 | D:4      | Reached XP level 7. HP: 21/50 MP: 7/7
  3053 | D:4      | Noticed Natasha
  3162 | D:4      | Killed Natasha
  3233 | D:4      | Found an opulent altar of Gozag.
  3497 | D:4      | Identified the +9 sling of the Establishment {freeze, Fly
                  | rC+}
  3598 | D:5      | Entered Level 5 of the Dungeon
  3598 | D:5      | Noticed Eustachio
  3607 | D:4      | Killed Eustachio
  3754 | D:5      | Mangled by an ice beast

Illustrated notes

Levels and vault maps discovered:
D:1:      eino_arrival_water_star, layout_loops_cross,
          hellmonk_ecumenical_altar_dog_temple
D:2:      layout_basic, serial_bayou_crossing
D:3:      layout_loops_ring, jmf_multi_god_temple, ebering_ghost_sewer_d,
          uniq_jessica
D:4:      layout_cave_pools, grunt_gozag_breadcrumbs, serial_bayou,
          serial_bayou_ford_a, serial_bayou_shore_a, serial_bayou_pond_d,
          serial_bayou_shore_b, serial_bayou_pond_d, serial_shops,
          nicolae_shop_crystal, minivault_5, uniq_natasha, uniq_menkaure
D:5:      layout_cave_pools, uniq_eustachio, uniq_crazy_yiuf_cottage

Skill      XL: |  1  2  3  4  5  6 |
---------------+-------------------+-----
Fighting       | 4 5 |  5.4
Dodging        | 4 5 |  5.3
Unarmed Combat | 4 5 |  5.6

Action                     |  1- 3 |  4- 6 |  7- 9 || total
---------------------------+-------+-------+-------++-------
  Melee: Unarmed           |    54 |    94 |    25 ||   173
         Constrict         |    17 |    38 |     6 ||    61
         Tentacles         |    12 |    25 |     9 ||    46
         Punch             |     3 |     6 |     2 ||    11
    Use: Scroll            |       |     8 |       ||     8
         Potion            |       |       |     1 ||     1
   Stab: Sleeping          |     1 |     2 |       ||     3
 Armour: Skin              |    20 |    33 |    15 ||    68
  Dodge: Dodged            |    36 |    50 |    15 ||   101

Table legend: (Time is in decaauts)
 A = Elapsed time spent in this place.
 B = Non-inter-level travel time spent in this place.
 C = Inter-level travel time spent in this place.
 D = Time resting spent in this place.
 E = Time spent auto-exploring this place.
 F = Levels seen in this place.
 G = Mean time per level.
                   A        B        C        D        E       F      G
               +--------+--------+--------+--------+--------+-----+--------+
         Total |   3755 |   3638 |    117 |    538 |   2585 |   5 |  751.0 |
       Dungeon |   3755 |   3638 |    117 |    538 |   2585 |   5 |  751.0 |
               +--------+--------+--------+--------+--------+-----+--------+

Top non-repeatable levels by time:
     D:3: 1156 daAuts
     D:4: 997 daAuts
     D:2: 823 daAuts
     D:1: 737 daAuts
     D:5: 40 daAuts
